 Dungeon Crawl Stone Soup version 0.28-a0-1117-g0bdd5ba030 (webtiles) character file.

Game seed: 13175244417272773352

109 bande the Shield-Bearer (level 4, -2/29 HPs)
             Began as a Gargoyle Fighter on Dec 12, 2021.
             Slain by a kobold brigand (9 damage)
             ... in a sewer.
             The game lasted 00:04:40 (2867 turns).

bande the Shield-Bearer (Gargoyle Fighter)          Turns: 2867, Time: 00:04:41

Health: -2/29      AC: 10    Str: 19    XL:     4   Next: 89%
Magic:  4/4        EV:  5    Int:  9    God:
Gold:   100        SH: 12    Dex: 11    Spells: 3/3 levels left

rFire   . . .      SeeInvis .   a - +1 war axe
rCold   . . .      Faith    .   g - +0 tower shield
rNeg    + . .      Spirit   .   b - +0 scale mail
rPois   ∞          Reflect  .   (no helmet)
rElec   +          Harm     .   (no cloak)
rCorr   .          Rampage  .   (no gloves)
Will    .....                   (no boots)
Stlth   ..........              (no amulet)
HPRegen 0.09/turn               (no ring)
MPRegen 0.09/turn               (no ring)

@: very slow
A: sickness immunity, AC +3, negative energy resistance 1, electricity
resistance, torment resistance 1, petrification resistance
a: no special abilities


You were in a sewer.
You visited 1 branch of the dungeon, and saw 3 of its levels.
You also visited: Sewer.

You collected 100 gold pieces.

Inventory:

Hand Weapons
 a - a +1 war axe (weapon)
Armour
 b - a +0 scale mail (worn)
 g - a +0 tower shield (worn)
Jewellery
 j - a +6 ring of intelligence
 m - an amulet of reflection
Scrolls
 c - a scroll of identify
Potions
 d - a potion of might
 e - a potion of resistance {unknown}
 f - 4 potions of heal wounds
 h - a potion of cancellation {unknown}
 i - a potion of flight {unknown}
 k - a potion of attraction {unknown}
 l - a potion of brilliance {unknown}


   Skills:
 + Level 3.8 Fighting
 + Level 2.9 Axes
 + Level 3.9 Armour
 + Level 4.2 Shields


You had 3 spell levels left.
You didn't know any spells.
Your spell library contained the following spells:

 Spells                   Type           Power      Damage    Failure   Level
 Beastly Appendage        Tmut           0%         N/A       100%        1
 Ensorcelled Hibernation  Hex/Ice        0%         N/A       100%        2
 Wereblood                Tmut           0%         N/A       100%        2
 Spider Form              Tmut/Pois      0%         N/A       100%        3
 Passage of Golubria      Tloc           0%         N/A       100%        4
 Silence                  Hex/Air        0%         N/A       100%        5
 Lehudib's Crystal Spear  Conj/Erth      0%         10d2      100%        8


Dungeon Overview and Level Annotations

Branches:
Dungeon (3/15)              Sewer (1/1)

Altars:

Shops:
D:2 ?

Annotations:
D:3 2 runed translucent doors


Innate Abilities, Weirdness & Mutations

You are immune to sickness and miasma.
Your stone body is resilient. (AC +3)
You are immune to poison.
You resist negative energy. (rN+)
You are resistant to electric shocks. (rElec)
You are resistant to unholy torment.
You are immune to petrification.


Message History

The kobold brigand hits you but does no damage.
The kobold throws a stone.
The stone hits you but does no damage.
The kobold throws a stone.
The stone hits you but does no damage.
The jackal bites you but does no damage.
The kobold brigand hits you with a +1 short sword of venom.
Your unstable footing causes you to fumble your attack.
The jackal splashes around in the water.
You block the kobold brigand's attack. You block the jackal's attack.
The kobold barely misses you.
Your unstable footing causes you to fumble your attack.
You block the jackal's attack. You block the kobold brigand's attack.
The jackal splashes around in the water.
The kobold hits you but does no damage. The kobold brigand barely misses you.
The jackal splashes around in the water.
The kobold barely misses you.
Unknown command.
You barely miss the kobold brigand.
The kobold brigand is heavily wounded.
You slash the jackal!
You kill the jackal!
You hit the kobold.
You kill the kobold!
You hear a splash. x2
The kobold brigand hits you with a +1 short sword of venom.
The kobold throws a poisoned dart.
The poisoned dart hits you!
The kobold brigand hits you with a +1 short sword of venom.
* * * LOW HITPOINT WARNING * * *
You hit the kobold brigand.
The kobold brigand is severely wounded.
You hit the kobold. You barely miss the kobold.
The kobold brigand splashes around in the water.
The kobold splashes around in the water.
You block the kobold's attack.
The kobold brigand hits you with a +1 short sword of venom.
* * * LOW HITPOINT WARNING * * *
Your unstable footing causes you to fumble your attack.
The kobold hits you but does no damage.
The kobold splashes around in the water.
The kobold brigand hits you with a +1 short sword of venom!
You die...

### ############ #∩#
#..≈.≈..≈≈.###.### .
#.≈≈≈≈≈≈.≈≈......#####
..#.≈≈≈≈≈≈≈≈≈≈≈≈≈≈≈≈≈≈≈≈
....≈≈≈≈≈≈≈≈≈≈≈≈≈≈≈≈≈≈≈≈
#.≈≈≈≈≈≈≈≈≈≈≈≈≈≈≈≈≈≈≈≈
#≈.≈K@≈.≈≈≈≈.≈...#####
#...KK≈≈≈≈≈#######
#########≈## #≈# #≈# #≈#
#≈# #≈# #≈#


You could see a kobold brigand and 2 kobolds.

Vanquished Creatures
  An adder (D:2)
  2 river rats (Sewer)
  2 worms
  A dart slug (D:1)
  4 orcs (D:3)
  7 bats
  2 endoplasms
  3 giant cockroaches
  3 goblins
  3 hobgoblins (D:1)
  2 jackals (Sewer)
  A quokka (D:2)
  9 ball pythons
  2 frilled lizards (D:2)
  13 kobolds
  21 rats
76 creatures vanquished.

Notes
Turn   | Place    | Note
-------+----------+-------------------------------------------
     0 | D:1      | bande the Gargoyle Fighter began the quest for the Orb.
     0 | D:1      | Reached XP level 1. HP: 14/14 MP: 1/1
   183 | D:1      | Reached XP level 2. HP: 19/19 MP: 2/2
   627 | D:1      | Reached XP level 3. HP: 18/24 MP: 3/3
  1359 | D:2      | Found a faded altar of an unknown god.
  1474 | D:2      | Found Tumisobo's Magic Scroll Boutique.
  1972 | D:2      | Reached skill level 4 in Shields
  1972 | D:2      | Reached XP level 4. HP: 22/29 MP: 4/4
  2600 | D:3      | Found a large runed translucent door.
  2600 | D:3      | Found a large runed translucent door.
  2716 | D:3      | Found a glowing drain.
  2745 | Sewer    | Entered a sewer
  2849 | Sewer    | Noticed a kobold brigand
  2867 | Sewer    | Slain by a kobold brigand

Illustrated notes

Levels and vault maps discovered:
D:1:      minmay_arrival_jagged, layout_loops_ring,
          chequers_serial_rivers_large_b
D:2:      layout_basic, serial_shops, shop, chequers_ecumenical_altar_island,
          minmay_rat_gold_closets
D:3:      layout_loops_ring, jmf_multi_god_temple2, portal_sewer_entry_c
Sewer:    sewer_kobolds

Skill      XL: |  1  2  3 |
---------------+----------+-----
Axes           | 2 |  2.9
Shields        | 4 |  4.2
Fighting       | |  3.8
Armour         | |  3.9

Action                   |  1- 3 |  4- 6 || total
-------------------------+-------+-------++-------
Melee: War axe           |   135 |    71 ||   206
  Use: Scroll            |     3 |       ||     3
Armor: Scale mail        |    61 |    51 ||   112
Dodge: Dodged            |    67 |    15 ||    82
Block: Buckler           |    32 |       ||    32
       Tower shield      |    26 |    62 ||    88

Table legend: (Time is in decaauts)
 A = Elapsed time spent in this place.
 B = Non-inter-level travel time spent in this place.
 C = Inter-level travel time spent in this place.
 D = Time resting spent in this place.
 E = Time spent auto-exploring this place.
 F = Levels seen in this place.
 G = Mean time per level.
                   A        B        C        D        E       F      G
               +--------+--------+--------+--------+--------+-----+--------+
         Total |   3036 |   2972 |     64 |    420 |   1973 |   4 |  759.0 |
       Dungeon |   2876 |   2812 |     64 |    420 |   1864 |   3 |  958.7 |
         Sewer |    159 |    159 |      0 |      0 |    109 |   1 |  159.0 |
               +--------+--------+--------+--------+--------+-----+--------+

Top non-repeatable levels by time:
     D:2: 1394 daAuts
     D:1: 1177 daAuts
     D:3: 304 daAuts
   Sewer: 159 daAuts
